 Dungeon Crawl Stone Soup version 0.21.1-1-g345015f (webtiles) character file.

10104 theblackcape the Martial Artist (level 11, -16/83 HPs)
             Began as a Gnoll Transmuter on July 8, 2018.
             Was a Believer of Ashenzari.
             Demolished by a stone giant (40 damage)
             ... on level 11 of the Dungeon.
             The game lasted 00:53:39 (12876 turns).

theblackcape the Martial Artist (Gnoll Transmuter) Turns: 12876, Time: 00:53:39

Health: -16/83     AC: 10    Str: 15    XL:     11   Next: 56%
Magic:  22/23      EV: 17    Int: 25    God:    Ashenzari [**....]
Gold:   899        SH:  0    Dex: 16    Spells: 5/26 levels left

rFire    . . .     SeeInvis .     - Unarmed
rCold    + . .     Gourm    .   (shield currently unavailable)
rNeg     . . .     Faith    .   L - +1 leather armour of Vlad {rElec rC+ MR- Int+9}
rPois    +         Spirit   .   u - +2 helmet
rElec    +         Reflect  .   o - scarf {repulsion}
rCorr    .         Harm     .   (gloves currently unavailable)
MR       .....                  f - +1 pair of boots
Stlth    +++.......             e - amulet of magic regeneration (curse)
HPRegen  0.23/turn              m - ring of poison resistance (curse)
MPRegen  0.43/turn              y - ring of wizardry (curse)

@: blade hands, repel missiles
A: distributed training, fangs 1, strong nose
a: End Transformation, Curse Item, Scrying, Renounce Religion


You were on level 11 of the Dungeon.
You worshipped Ashenzari.
Ashenzari was pleased with you.
You were hungry.
You had blades for hands.
You visited 3 branches of the dungeon, and saw 13 of its levels.

You collected 899 gold pieces.

Inventory:

Hand Weapons
 H - the cursed +1 war axe of a volcano (melded) {freeze, rC+}
   (You found it on level 6 of the Dungeon)

   It has been specially enchanted to freeze those struck by it, causing extra
   injury to most foes and up to half again as much damage against particularly
   susceptible opponents.
   It can also slow down cold-blooded creatures.
   It protects you from cold.
   It has a curse placed upon it.
Missiles
 a - 69 arrows
 B - 8 silver javelins (quivered)
 G - a throwing net
 I - 7 poisoned tomahawks
Armour
 f - a +1 pair of boots (worn)
 o - a scarf of repulsion (worn)
 u - a +2 helmet (worn)
 L - the +1 leather armour of Vlad (worn) {rElec rC+ MR- Int+9}
   (You found it on level 7 of the Dungeon)

   It affects your intelligence (+9).
   It protects you from cold.
   It insulates you from electricity.
   It affects your resistance to hostile enchantments.
 S - a cursed +0 pair of gloves (melded)
 T - a +0 troll leather armour
Jewellery
 e - a cursed amulet of magic regeneration (around neck)
 j - an uncursed ring of protection from fire
 m - a cursed ring of poison resistance (left scythe-like blade)
 s - an uncursed ring of protection from cold
 y - a cursed ring of wizardry (right scythe-like blade)
 K - an uncursed ring of positive energy
Wands
 h - a wand of disintegration (13)
 q - a wand of acid (11)
 x - a wand of random effects (30)
 D - a wand of flame (12)
 J - a wand of scattershot (1)
Scrolls
 g - 4 scrolls of blinking
 i - 2 scrolls of magic mapping
 k - 7 scrolls of teleportation
 l - 5 scrolls of remove curse
 A - a scroll of silence {unknown}
 C - 2 scrolls of amnesia
 E - a scroll of immolation
 F - a scroll of enchant armour {unknown}
 M - a scroll of enchant weapon
 N - a scroll of fear {unknown}
 R - 6 scrolls of identify
 U - a scroll of summoning {unknown}
 V - a scroll of acquirement {unknown}
Potions
 p - 2 potions of flight
 r - a potion of mutation {unknown}
 t - 5 potions of haste
 v - 4 potions of curing {unknown}
 w - 2 potions of brilliance {unknown}
 z - 2 potions of might {unknown}
 O - a potion of cancellation {unknown}
 Q - a potion of agility {unknown}
 X - a potion of ambrosia {unknown}
Books
 c - a book of Changes

   Spells                             Type                      Level
   a - Beastly Appendage              Transmutation                1
   b - Sticks to Snakes               Transmutation                2
   c - Spider Form                    Transmutation/Poison         3
   d - Ice Form                       Ice/Transmutation            4
   e - Blade Hands                    Transmutation                5
 P - a book of Misfortune

   Spells                             Type                      Level
   a - Confusing Touch                Hexes                        1
   b - Confuse                        Hexes                        3
   c - Gell's Gravitas                Translocation                3
   d - Petrify                        Transmutation/Earth          4
   e - Metabolic Englaciation         Hexes/Ice                    5
   f - Yara's Violent Unravelling     Hexes/Transmutation          5
Comestibles
 d - 15 rations
 W - 2 chunks of flesh


   Skills:
 + Level 6.9 Fighting
 + Level 6.3 Short Blades
 + Level 6.3 Long Blades
 + Level 6.3(8.6) Axes
 + Level 6.3 Maces & Flails
 + Level 6.3 Polearms
 + Level 6.3 Staves
 + Level 6.3 Slings
 + Level 6.3 Bows
 + Level 6.3 Crossbows
 + Level 6.3 Throwing
 + Level 6.3 Armour
 + Level 7.9 Dodging
 + Level 6.3 Stealth
 + Level 6.3 Shields
 + Level 9.2 Unarmed Combat
 + Level 8.1 Spellcasting
 + Level 5.2(7.5) Conjurations
 + Level 5.2(7.5) Hexes
 + Level 5.2(7.5) Charms
 + Level 5.2(7.5) Summonings
 + Level 5.2(7.5) Necromancy
 + Level 5.2(7.5) Translocations
 + Level 6.5(8.9) Transmutations
 + Level 5.2(7.5) Fire Magic
 + Level 5.2(7.5) Ice Magic
 + Level 5.2(7.5) Air Magic
 + Level 5.2(7.5) Earth Magic
 + Level 5.2(7.5) Poison Magic
 + Level 6.9 Invocations
 + Level 6.3(8.6) Evocations


You had 5 spell levels left.
You knew the following spells:

 Your Spells              Type           Power        Failure   Level  Hunger
a - Beastly Appendage     Tmut           ######       3%          1    None
b - Sticks to Snakes      Tmut           ######..     4%          2    None
c - Blade Hands           Tmut           ######....   13%         5    ####...
d - Ice Form              Ice/Tmut       ######..     9%          4    ##.....
e - Petrify               Tmut/Erth      ######..     9%          4    ##.....
f - Yara's Violent Unrav  Hex/Tmut       ######....   16%         5    ####...


Dungeon Overview and Level Annotations

Branches:
Dungeon (11/15)            Temple (1/1) D:6            Lair (0/6) D:11
    Orc (1/2) D:11

Altars:
Ashenzari
Cheibriados
Dithmenos
Elyvilon
Fedhas
Gozag
Hepliaklqana
Kikubaaqudgha
Makhleb
Nemelex Xobeh
Okawaru
Qazlal
Ru
Sif Muna
Trog
Uskayaw
Vehumet
Wu Jian
Xom
Yredelemnul
Zin
The Shining One


Innate Abilities, Weirdness & Mutations

Your experience applies equally to all skills.
You have very sharp teeth.
Your uncanny sense of smell can sniff out nearby items.


Message History

You feel much better.
The stone giant hits you but does no damage.
You slash the stone giant!
The stone giant is moderately wounded.
The stone giant hits you!!
You are too injured to fight recklessly!
You are too injured to fight recklessly!
You are too injured to fight recklessly!
You are too injured to fight recklessly!
You hit the stone giant. You slash the stone giant.
You bite the stone giant, but do no damage.
The stone giant is moderately wounded.
The stone giant hits you!
* * * LOW HITPOINT WARNING * * *
You completely miss the stone giant.
The stone giant is moderately wounded.
You hit the stone giant.
The stone giant is moderately wounded.
The stone giant hits you!!!
You die...

#######################
..........[[)...#...≈.#
.....)..).[[)...#....≈#
....##...)............###
)..........[..........#.#
.)..................#.#.#
...............C....#.#.#
................@...#['.#
#########################
..###...# #.# #.##....#
#.# ........# #.#
..##....# #.# .###....#
#.# .# ##.#####.# .#
#.......#


You could see a stone giant.

Vanquished Creatures
  2 two-headed ogres (D:10)
  An unseen horror (D:9)
  2 trolls
  A hippogriff (D:10)
  8 yaks
  A wyvern (D:11)
  A basilisk (D:11)
  A hungry ghost (D:11)
  A warg (Orc:1)
  Menkaure (D:6)
  An acid dragon (D:11)
  Duvessa (D:7)
  3 ice beasts
  A swamp drake (D:11)
  4 orc warriors
  3 sky beasts
  A necrophage (D:6)
  4 ogres
  A centaur (D:8)
  3 phantoms
  5 bullfrogs
  Dowan (D:7)
  3 scorpions
  4 killer bees (D:10)
  5 crimson imps
  2 bullfrog zombies
  3 quasits
  6 hounds
  A bullfrog skeleton (D:6)
  10 orc priests
  13 orc wizards
  An iguana (D:3)
  8 worker ants
  A killer bee zombie (D:8)
  A hound skeleton (D:10)
  A hound zombie (D:6)
  A worker ant zombie (D:6)
  11 adders
  8 gnolls
  3 shadow imps
  An ooze (D:2)
  4 adder skeletons
  An adder zombie (D:7)
  A worm (D:4)
  2 dart slugs
  7 leopard geckos
  57 orcs
  11 bats
  5 giant cockroaches
  11 goblins
  7 hobgoblins
  6 jackals
  6 kobolds
  2 quokkas
  2 frilled lizards (D:2)
  2 gnoll zombies (D:4)
  3 leopard gecko skeletons
  A quokka skeleton (D:4)
  5 rats
263 creatures vanquished.

Vanquished Creatures (collateral kills)
  The ghost of TotesWizzard the Grappler, a novice TrHu of Okawaru (D:4)
  A hippogriff (D:9)
  4 yaks
  A hungry ghost (D:7)
  3 orc warriors
  3 ogres
  A scorpion (D:7)
  4 orc wizards
  5 orc priests
  A worker ant (D:4)
  A worm (D:3)
  8 orcs
  A giant cockroach (D:4)
34 creatures vanquished.

Grand Total: 297 creatures vanquished

Notes
Turn   | Place    | Note
-------+----------+-------------------------------------------
     0 | D:1      | theblackcape the Gnoll Transmuter began the quest for the Orb.
     0 | D:1      | Reached XP level 1. HP: 17/17 MP: 6/6
    51 | D:1      | Reached XP level 2. HP: 23/23 MP: 7/7
    88 | D:1      | Learned a level 2 spell: Sticks to Snakes
   364 | D:1      | Reached XP level 3. HP: 27/28 MP: 9/9
   467 | D:1      | Reached skill level 5 in Spellcasting
   789 | D:2      | Reached skill level 1 in Invocations
   851 | D:2      | Reached skill level 1 in Short Blades
   851 | D:2      | Reached skill level 1 in Long Blades
   851 | D:2      | Reached skill level 1 in Axes
   851 | D:2      | Reached skill level 1 in Maces & Flails
   851 | D:2      | Reached skill level 1 in Polearms
   851 | D:2      | Reached skill level 1 in Staves
   851 | D:2      | Reached skill level 1 in Slings
   851 | D:2      | Reached skill level 1 in Bows
   851 | D:2      | Reached skill level 1 in Crossbows
   851 | D:2      | Reached skill level 1 in Throwing
   851 | D:2      | Reached skill level 1 in Armour
   851 | D:2      | Reached skill level 1 in Stealth
   851 | D:2      | Reached skill level 1 in Shields
   851 | D:2      | Reached skill level 1 in Evocations
   851 | D:2      | Reached XP level 4. HP: 22/34 MP: 9/11
  1095 | D:2      | Reached skill level 1 in Conjurations
  1095 | D:2      | Reached skill level 1 in Hexes
  1095 | D:2      | Reached skill level 1 in Charms
  1095 | D:2      | Reached skill level 1 in Summonings
  1095 | D:2      | Reached skill level 1 in Necromancy
  1095 | D:2      | Reached skill level 1 in Translocations
  1095 | D:2      | Reached skill level 1 in Fire Magic
  1095 | D:2      | Reached skill level 1 in Ice Magic
  1095 | D:2      | Reached skill level 1 in Air Magic
  1095 | D:2      | Reached skill level 1 in Earth Magic
  1095 | D:2      | Reached skill level 1 in Poison Magic
  1327 | D:2      | Found a glowing silver altar of Zin.
  1327 | D:2      | Found a hazy altar of Hepliaklqana.
  1390 | D:2      | Reached XP level 5. HP: 39/40 MP: 10/12
  2586 | D:4      | Reached XP level 6. HP: 44/47 MP: 6/13
  2906 | D:4      | Reached skill level 5 in Dodging
  2993 | D:4      | Noticed TotesWizzard's ghost (novice TrHu)
  3498 | D:4      | Noticed a phantom
  3500 | D:4      | Found an ancient bone altar of Kikubaaqudgha.
  3502 | D:4      | Reached XP level 7. HP: 23/52 MP: 12/15
  3761 | D:4      | Reached skill level 7 in Unarmed Combat
  4013 | D:4      | Killed TotesWizzard's ghost
  4170 | D:4      | Found a basalt altar of Yredelemnul.
  4591 | D:5      | Entered Level 5 of the Dungeon
  4616 | D:5      | Reached XP level 8. HP: 51/60 MP: 16/16
  4666 | D:5      | Found a burning altar of Makhleb.
  4667 | D:5      | Found a shimmering altar of Xom.
  4910 | D:5      | Found an ornate altar of the Wu Jian Council.
  6047 | D:6      | Found Mommeih's Distillery.
  6047 | D:6      | Noticed Menkaure
  6053 | D:6      | Killed Menkaure
  6128 | D:6      | Found a staircase to the Ecumenical Temple.
  6209 | Temple   | Entered the Ecumenical Temple
  6423 | Temple   | Became a worshipper of Ashenzari the Shackled
  6478 | D:6      | Reached XP level 9. HP: 62/65 MP: 18/18
  6648 | D:6      | Got the cursed war axe of a volcano {freeze, rC+}
  6649 | D:6      | Identified the cursed +1 war axe of a volcano {freeze, rC+} (You found it on level 6 of the Dungeon)
  6813 | D:6      | Reached skill level 5 in Transmutations
  6927 | D:7      | Noticed Dowan
  6930 | D:7      | Noticed Duvessa
  6942 | D:7      | Killed Duvessa
  6954 | D:7      | Killed Dowan
  6974 | D:7      | Got the uncursed leather armour of Vlad {rElec rC+ MR- Int+9}
  6985 | D:7      | Identified the +1 leather armour of Vlad {rElec rC+ MR- Int+9} (You found it on level 7 of the Dungeon)
  6991 | D:7      | Learned a level 5 spell: Blade Hands
  7629 | D:7      | Reached skill level 5 in Fighting
  7636 | D:7      | Reached * piety under Ashenzari
  7669 | D:7      | Reached skill level 8 in Unarmed Combat
  7979 | D:7      | Found a snail-covered altar of Cheibriados.
  8162 | D:7      | Reached skill level 5 in Invocations
  8285 | D:8      | Found a sparkling altar of Nemelex Xobeh.
  8451 | D:8      | Reached XP level 10. HP: 70/73 MP: 20/20
  8731 | D:9      | Learned a level 4 spell: Ice Form
  8736 | D:9      | Learned a level 4 spell: Petrify
  9281 | D:9      | Reached skill level 5 in Short Blades
  9281 | D:9      | Reached skill level 5 in Long Blades
  9281 | D:9      | Reached skill level 5 in Axes
  9281 | D:9      | Reached skill level 5 in Maces & Flails
  9281 | D:9      | Reached skill level 5 in Polearms
  9281 | D:9      | Reached skill level 5 in Staves
  9281 | D:9      | Reached skill level 5 in Slings
  9281 | D:9      | Reached skill level 5 in Bows
  9281 | D:9      | Reached skill level 5 in Crossbows
  9281 | D:9      | Reached skill level 5 in Throwing
  9281 | D:9      | Reached skill level 5 in Armour
  9281 | D:9      | Reached skill level 5 in Stealth
  9281 | D:9      | Reached skill level 5 in Shields
  9281 | D:9      | Reached skill level 5 in Evocations
  9572 | D:9      | Found a shadowy altar of Dithmenos.
  9820 | D:10     | Entered Level 10 of the Dungeon
  9863 | D:9      | Killed an unseen horror
 10318 | D:10     | Noticed a two-headed ogre
 10324 | D:10     | Killed a two-headed ogre
 10535 | D:10     | Reached ** piety under Ashenzari
 10590 | D:10     | Reached XP level 11. HP: 52/82 MP: 22/22
 10800 | D:10     | Noticed a two-headed ogre
 10809 | D:10     | Killed a two-headed ogre
 11074 | D:10     | Reached skill level 9 in Unarmed Combat
 11452 | D:11     | Found a shattered altar of Ashenzari.
 11553 | D:11     | Reached skill level 5 in Conjurations
 11553 | D:11     | Reached skill level 5 in Hexes
 11553 | D:11     | Reached skill level 5 in Charms
 11553 | D:11     | Reached skill level 5 in Summonings
 11553 | D:11     | Reached skill level 5 in Necromancy
 11553 | D:11     | Reached skill level 5 in Translocations
 11553 | D:11     | Reached skill level 5 in Fire Magic
 11553 | D:11     | Reached skill level 5 in Ice Magic
 11553 | D:11     | Reached skill level 5 in Air Magic
 11553 | D:11     | Reached skill level 5 in Earth Magic
 11553 | D:11     | Reached skill level 5 in Poison Magic
 12321 | D:11     | Learned a level 5 spell: Yara's Violent Unravelling
 12398 | D:11     | Found a staircase to the Lair.
 12631 | D:11     | Found a staircase to the Orcish Mines.
 12784 | Orc:1    | Entered Level 1 of the Orcish Mines
 12841 | Orc:1    | Noticed a stone giant
 12876 | D:11     | Demolished by a stone giant

Skill      XL: |  1  2  3  4  5  6  7  8  9 10 11 |
---------------+----------------------------------+-----
Spellcasting   | 5 6 7 8 |  8.1
Invocations    | 1 2 3 4 5 6 |  6.9
Short Blades   | 1 2 3 4 5 6 |  6.3
Long Blades    | 1 2 3 4 5 6 |  6.3
Axes           | 1 2 3 4 5 6 |  6.3
Maces & Flails | 1 2 3 4 5 6 |  6.3
Polearms       | 1 2 3 4 5 6 |  6.3
Staves         | 1 2 3 4 5 6 |  6.3
Slings         | 1 2 3 4 5 6 |  6.3
Bows           | 1 2 3 4 5 6 |  6.3
Crossbows      | 1 2 3 4 5 6 |  6.3
Throwing       | 1 2 3 4 5 6 |  6.3
Armour         | 1 2 3 4 5 6 |  6.3
Stealth        | 1 2 3 4 5 6 |  6.3
Shields        | 1 2 3 4 5 6 |  6.3
Evocations     | 1 2 3 4 5 6 |  6.3
Conjurations   | 1 2 3 4 5 |  5.2
Hexes          | 1 2 3 4 5 |  5.2
Charms         | 1 2 3 4 5 |  5.2
Summonings     | 1 2 3 4 5 |  5.2
Necromancy     | 1 2 3 4 5 |  5.2
Translocations | 1 2 3 4 5 |  5.2
Fire Magic     | 1 2 3 4 5 |  5.2
Ice Magic      | 1 2 3 4 5 |  5.2
Air Magic      | 1 2 3 4 5 |  5.2
Earth Magic    | 1 2 3 4 5 |  5.2
Poison Magic   | 1 2 3 4 5 |  5.2
Fighting       | 3 4 5 6 |  6.9
Transmutations | 4 5 6 |  6.5
Dodging        | 5 6 7 |  7.9
Unarmed Combat | 7 8 9 |  9.2

Action                   |  1- 3 |  4- 6 |  7- 9 | 10-12 || total
-------------------------+-------+-------+-------+-------++-------
Melee: Unarmed           |    68 |   180 |   179 |    90 ||   517
       Bite              |     6 |    18 |    40 |    39 ||   103
       Kick              |     4 |    12 |    55 |    22 ||    93
       Headbutt          |     2 |    15 |       |     1 ||    18
       Punch             |       |     5 |    15 |    15 ||    35
       War axe           |       |       |   147 |   220 ||   367
Throw: Tomahawk          |       |       |    19 |     3 ||    22
       Javelin           |       |       |     1 |     1 ||     2
 Cast: Beastly Appendage |     9 |    23 |    25 |     9 ||    66
       Sticks to Snakes  |       |    10 |    23 |    11 ||    44
       Blade Hands       |       |       |       |    14 ||    14
       Petrify           |       |       |       |     1 ||     1
Invok: Curse Item        |       |       |     3 |       ||     3
Evoke: Wand              |       |       |     9 |     4 ||    13
  Use: Scroll            |     1 |     3 |     5 |     3 ||    12
       Potion            |       |     1 |       |     5 ||     6
 Stab: Sleeping          |       |       |    10 |    13 ||    23
       Distracted        |       |       |     2 |     1 ||     3
  Eat: Chunk             |       |     8 |    12 |    10 ||    30
       Ration            |       |       |     2 |     2 ||     4
Armor: Robe              |     2 |       |       |       ||     2
       Leather armour    |    14 |    36 |   113 |   109 ||   272
Dodge: Dodged            |    43 |   113 |   267 |   295 ||   718
       Deflected         |       |       |       |     3 ||     3
